 Seeded DCSS version 0.29-a0-1009-g60c99734e7 (webtiles) character file.

Game seed: 20220808 (custom seed)

3087 purpskrrrp the Covert (level 9, -4/45 HPs)
             Began as a Vine Stalker Monk on Aug 8, 2022.
             Was a Believer of Ashenzari.
             Succumbed to a killer bee's poison
             ... on level 8 of the Dungeon.
             The game lasted 00:26:28 (7040 turns).

purpskrrrp the Covert (Vine Stalker Monk)           Turns: 7040, Time: 00:26:29

Health: -4/45      AC: 10    Str: 17    XL:     9   Next: 89%
Magic:  9/19       EV: 15    Int: 10    God:    Ashenzari [**....]
Gold:   760        SH:  4    Dex: 20    Spells: 8/8 levels left

rFire   . . .      SeeInvis +   r - +6 trident "Cosmic Mutualism" {vamp, rN+ MP+9 Str+2, Comp, Melee} (curse)
rCold   + . .      Faith    .   (no shield)
rNeg    + . .      Spirit   +   a - +1 robe
rPois   .          Reflect  .   u - +2 helmet "Circumscribed Together" {Fort, Bglg} (curse)
rElec   .          Harm     .   (no cloak)
rCorr   .          Rampage  .   x - +2 pair of gloves
Will    +....                   f - +0 pair of boots of the Prescient Sybil {Melee, Comp} (curse)
Stlth   +++++.....              (no amulet)
HPRegen 0.95/turn               (no ring)
MPRegen 0.16/turn               (no ring)

@: lethally poisoned (-4 -> -21)
A: fangs 3, regeneration 1, magic shield, antimagic bite, no potion heal 2,
large bone plates 1, see invisible, cold resistance 1
a: Renounce Religion, Curse Item, Shatter the Chains


You were on level 8 of the Dungeon.
You worshipped Ashenzari.
Ashenzari was pleased with you.
You visited 2 branches of the dungeon, and saw 10 of its levels.

You collected 760 gold pieces.

Inventory:

Hand Weapons
 c - a +0 dagger
 g - a +2 dagger of venom
 r - the cursed +6 trident "Cosmic Mutualism" (weapon) {vamp, rN+ MP+9 Str+2, Comp, Melee}
   (You found it on level 4 of the Dungeon)

   It occasionally heals its wielder for a portion of the damage dealt when it
   wounds a living foe.
   Str:       It affects your strength (+2).
   rN:        It protects you from negative energy.
   MP:        It affects your magic capacity (+9).
   It has a curse which improves the following skills: Companions: Summonings
   and Necromancy.
   Melee Combat: Short Blades, Long Blades, Axes, Maces & Flails, Polearms,
   Staves and Unarmed Combat.
Missiles
 e - 23 poisoned darts (quivered)
 s - 2 javelins
 B - 4 boomerangs
Armour
 a - a +1 robe (worn)
 f - the cursed +0 pair of boots of the Prescient Sybil (worn) {Melee, Comp}
   (You found it on level 1 of the Dungeon)

   It has a curse which improves the following skills: Melee Combat: Short
   Blades, Long Blades, Axes, Maces & Flails, Polearms, Staves and Unarmed
   Combat.
   Companions: Summonings and Necromancy.
 u - the cursed +2 helmet "Circumscribed Together" (worn) {Fort, Bglg}
   (You found it on level 3 of the Dungeon)

   It has a curse which improves the following skills: Fortitude: Armour and
   Shields.
   Beguiling: Conjurations, Hexes and Translocations.
 x - a +2 pair of gloves (worn)
Wands
 d - a wand of roots (28)
 h - a wand of paralysis (13)
 q - a wand of flame (17)
Scrolls
 m - a scroll of teleportation
 o - 3 scrolls of noise
 C - a scroll of enchant weapon
Potions
 b - a potion of ambrosia
 i - 3 potions of attraction
 k - 2 potions of resistance
 n - a potion of magic
 p - 3 potions of brilliance
 v - 8 potions of curing
 w - a potion of cancellation
 z - a potion of lignification
 A - a potion of might
Miscellaneous
 l - a piece from Xom's chessboard (15/15)


   Skills:
 + Level 4.2 Fighting
 - Level 0.8(1.9) Short Blades
 * Level 7.2(9.2) Polearms
 + Level 5.3 Dodging
 * Level 11.1 Stealth
 - Level 3.0(4.6) Unarmed Combat


You had 8 spell levels left.
You didn't know any spells.
Your spell library contained the following spells:

 Spells                   Type           Power      Damage    Failure   Level
 Beastly Appendage        Tmut           0%         N/A       36%         1
 Poisonous Vapours        Pois/Air       0%         N/A       50%         2
 Wereblood                Tmut           0%         N/A       50%         2
 Gell's Gravitas          Tloc           0%         N/A       73%         3
 Lesser Beckoning         Tloc           0%         N/A       73%         3
 Teleport Other           Tloc           0%         N/A       73%         3
 Conjure Flame            Conj/Fire      0%         6-21      75%         3
 Ignite Poison            Fire/Tmut/Pois 0%         N/A       75%         3
 Spider Form              Tmut/Pois      0%         N/A       75%         3
 Animate Armour           Summ/Erth      0%         N/A       98%         4
 Sticky Flame             Conj/Fire      0%         2d3       98%         4
 Eringya's Noxious Bog    Tmut/Pois      0%         N/A       100%        6


Dungeon Overview and Level Annotations

Branches:
Dungeon (9/15)             Temple (1/1) D:5             Orc (0/2) D:9
   Lair: D:8-11

Altars:
Ashenzari
Cheibriados
Dithmenos
Fedhas
Kikubaaqudgha
Makhleb
Okawaru
Trog
Uskayaw
Xom
Yredelemnul
Zin
The Shining One

Shops:
D:2 *   D:6 (


Innate Abilities, Weirdness & Mutations

You have razor-sharp teeth.
Your natural rate of healing is unusually fast.
When hurt, damage is shared between your health and your magic reserves.
Your bite disrupts and absorbs the magic of your enemies.
Potions cannot restore your health.
You are partially covered in large bone plates. (SH +4)
You have supernaturally acute eyesight. (SInv)
Your flesh is cold resistant. (rC+)


Message History

The killer bee misses you.
The killer bee stings you but does no damage.
The killer bee stings you!
* * * LOW HITPOINT WARNING * * *
You are lethally poisoned!
The killer bee poisons you! The killer bee closely misses you.
The killer bee stings you but does no damage. x2
You closely miss the killer bee. You bite the killer bee! You drain its power.
You feel invigorated.
The killer bee is heavily wounded.
* * * LOW HITPOINT WARNING * * *
You feel very sick. The killer bee stings you.
The killer bee barely misses you. x2
The killer bee misses you. x2
You are too injured to fight recklessly!
You hit the killer bee but do no damage.
You bite the killer bee. You drain its power.
You feel invigorated.
The killer bee is severely wounded.
* * * LOW HITPOINT WARNING * * *
You feel very sick. The killer bee barely misses you.
The killer bee misses you. x2
The killer bee closely misses you. x2
The killer bee stings you but does no damage.
The killer bee barely misses you.
The killer bee stings you but does no damage.
The killer bee closely misses you. You block the killer bee's attack.
You puncture the killer bee!
You feel better.
You kill the killer bee!
* * * LOW HITPOINT WARNING * * *
You feel very sick. The killer bee misses you.
The killer bee closely misses you. The killer bee barely misses you.
The killer bee stings you.
You are more poisoned.
The killer bee poisons you!
A kobold brigand comes into view.
It is wielding a +0 dagger of venom and quivering curare-tipped darts.
The killer bee attacks as you move away!
The killer bee stings you.
You are more poisoned.
The killer bee poisons you!
You die...

, ,##... #..####.## ,
#.... #...#....# *
.#....# ####........#
.......#####.#*#.>.....#
..........##.###......##
.>.......)[.#.##.......#
,
.........[..[..[..###.##
*
...........[)..........#
............@y....##...#
.............y...## , .#
............yy.#..###. *
, ...........##(........
* ,
.........[###.......#.
,...##..........##...#.
.. #.................
,##..##.#......##.., ..#
#.#..K...#


You could see 4 killer bees.

Vanquished Creatures
  Joseph (D:8)
  Sigmund (D:3)
  A wyvern (D:7)
  A warg (D:7)
  2 water moccasins
  A sky beast (D:7)
  2 black bears
  2 centaurs
  2 kobold brigands
  A bullfrog (D:7)
  A necrophage (D:6)
  2 scorpions
  6 wights (D:8)
  2 killer bees (D:8)
  2 electric eels (D:6)
  2 howler monkeys
  3 hounds
  2 jellies
  A gnoll bouda (D:5)
  Jessica (D:3)
  Ijyb (D:3)
  Natasha (thrice) (D:4)
  7 iguanas
  4 orc wizards
  Robin (D:3)
  5 gnolls (D:5)
  7 adders
  2 white imps
  3 worms
  22 orcs
  4 bats
  6 endoplasms
  4 giant cockroaches
  13 goblins
  9 hobgoblins
  9 jackals
  13 kobolds
  2 quokkas
  5 ball pythons
  2 frilled lizards
  3 rats
161 creatures vanquished.

Vanquished Creatures (others)
  12 plants
12 creatures vanquished.

Grand Total: 173 creatures vanquished

Notes
Turn   | Place    | Note
-------+----------+-------------------------------------------
     0 | D:1      | purpskrrrp the Vine Stalker Monk began the quest for the
                  | Orb.
     0 | D:1      | Reached XP level 1. HP: 11/11 MP: 2/2
    44 | D:1      | Reached skill level 3 in Stealth
   335 | D:1      | Reached XP level 2. HP: 10/16 MP: 1/3
  1022 | D:1      | Identified a scroll of acquirement
  1022 | D:1      | Acquired 383 gold pieces
  1063 | D:2      | Reached skill level 4 in Stealth
  1196 | D:2      | Found a faded altar of an unknown god.
  1217 | D:2      | Prayed at the altar of an unknown god.
  1217 | D:2      | Became a worshipper of Ashenzari the Shackled
  1355 | D:2      | Found Wigg's General Store.
  1381 | D:2      | Reached XP level 3. HP: 14/19 MP: 2/4
  1792 | D:2      | You fall into a shaft and drop 2 floors!
  1795 | D:4      | Identified the +6 trident "Rooxt" {vamp, rN+ MP+9 Str+2}
  2068 | D:3      | Reached skill level 1 in Polearms
  2068 | D:3      | Gained mutation: Your natural rate of healing is unusually
                  | fast. [Vine Stalker growth]
  2068 | D:3      | Reached XP level 4. HP: 23/23 MP: 5/5
  2312 | D:3      | Noticed Jessica
  2319 | D:3      | Killed Jessica
  2320 | D:3      | Reached skill level 5 in Stealth
  2385 | D:3      | Noticed Ijyb
  2409 | D:3      | Killed Ijyb
  2410 | D:3      | Reached XP level 5. HP: 11/27 MP: 3/6
  2521 | D:3      | Noticed Robin
  2553 | D:3      | Killed Robin
  2703 | D:3      | Noticed Sigmund
  2708 | D:3      | Killed Sigmund
  2709 | D:3      | Reached skill level 6 in Stealth
  2709 | D:3      | Reached XP level 6. HP: 32/32 MP: 7/7
  3324 | D:4      | Noticed Natasha
  3338 | D:4      | Killed Natasha
  3391 | D:4      | Noticed Natasha
  3398 | D:4      | Reached XP level 7. HP: 35/35 MP: 8/8
  3400 | D:4      | Killed Natasha
  3445 | D:4      | Noticed Natasha
  3448 | D:4      | Killed Natasha
  3655 | D:4      | Reached skill level 7 in Stealth
  3850 | D:5      | Entered Level 5 of the Dungeon
  3969 | D:5      | Found a shimmering altar of Xom.
  3982 | D:5      | Found a staircase to the Ecumenical Temple.
  4158 | D:5      | Reached skill level 8 in Stealth
  4158 | D:5      | Gained mutation: You have razor-sharp teeth. [Vine Stalker
                  | growth]
  4158 | D:5      | Reached XP level 8. HP: 29/39 MP: 9/9
  4627 | D:5      | Reached * piety under Ashenzari
  4964 | D:5      | Reached skill level 5 in Polearms
  5144 | Temple   | Entered the Ecumenical Temple
  5391 | D:6      | Found a transporter.
  5481 | D:6      | Found a transporter.
  5645 | D:6      | Reached skill level 9 in Stealth
  5692 | D:6      | Found Veqom's Weapon Shop.
  5704 | D:6      | Gained mutation: Your flesh is cold resistant. (rC+)
                  | [potion of mutation]
  5704 | D:6      | Gained mutation: You have supernaturally acute eyesight.
                  | (SInv) [potion of mutation]
  5704 | D:6      | Gained mutation: You are partially covered in large bone
                  | plates. (SH +4) [potion of mutation]
  6473 | D:7      | Reached XP level 9. HP: 44/44 MP: 10/10
  6532 | D:7      | Identified the Precepts of Putrid Generation
  6553 | D:7      | Reached ** piety under Ashenzari
  6618 | D:7      | Reached skill level 10 in Stealth
  6632 | D:7      | Found a burning altar of Makhleb.
  6848 | D:8      | Reached skill level 5 in Dodging
  6867 | D:8      | Noticed Joseph
  6910 | D:8      | Killed Joseph
  6911 | D:8      | Reached skill level 11 in Stealth
  7038 | D:8      | HP: 1/45 [poisoned by a killer bee]
  7040 | D:8      | Succumbed to a killer bee's poison

Illustrated notes

Levels and vault maps discovered:
D:1:      sevenhm_arrival_forest_fort_small_4, layout_loops_cross
D:2:      layout_basic, serial_shops, shop, basic_ecumenical_altar
D:3:      wad_river_or_something, layout_basic, uniq_jessica, uniq_sigmund,
          uniq_ijyb, uniq_robin
D:4:      minmay_spotlight, layout_loops_ring, uniq_natasha
D:5:      layout_layer_cave, xom_butterflies, minmay_temple_entry_sparse_star,
          serial_bayou_lagoon_b
D:6:      gammafunk_steamed_eel, layout_basic, serial_shops,
          nicolae_shop_bloodbath_and_beyond
D:7:      layout_cave_pools, mainiacjoe_overflow_catwalk,
          minmay_misc_feat_four_crosses
D:8:      layout_cave_pools, mainiacjoe_overflow_large_starburst,
          beargit_hepliaklqana_dungeon_heroes, erik_lair_orcish_takeover,
          uniq_joseph
D:9:      layout_stronghold, grunt_qazlal_clouds, orc_0_dummy,
          serial_column_ruins, column_ruins_hut, column_ruins_hut,
          column_ruins_grid_1, column_ruins_columns_straight,
          column_ruins_open_small, column_ruins_grid_1,
          column_ruins_columns_straight, grunt_ministairs_15
Temple:   jpeg_temple_clearing

Skill      XL: |  1  2  3  4  5  6  7  8  9 |
---------------+----------------------------+-----
Stealth        | 3 4 5 6 8 9 11 | 11.1
Polearms       | 1 3 4 5 7 |  7.2
Dodging        | 3 4 5 |  5.3
Fighting       | 3 4 |  4.2
Short Blades   | |  0.8
Unarmed Combat | |  3.0

Action                   |  1- 3 |  4- 6 |  7- 9 || total
-------------------------+-------+-------+-------++-------
Melee: Unarmed           |    15 |       |       ||    15
       Dagger            |    73 |       |       ||    73
       Bite              |    24 |    21 |    51 ||    96
       Trident           |    18 |   127 |   260 ||   405
       Punch             |       |     2 |     8 ||    10
Throw: Dart              |       |       |     2 ||     2
Invok: Curse Item        |     1 |       |     2 ||     3
  Use: Scroll            |     1 |     2 |    12 ||    15
       Potion            |       |     2 |     1 ||     3
 Stab: Sleeping          |     9 |    13 |    15 ||    37
       Distracted        |       |       |     2 ||     2
Armor: Robe              |    18 |    23 |    65 ||   106
Dodge: Dodged            |    62 |    45 |   148 ||   255
Block: Other             |       |       |    16 ||    16

Table legend: (Time is in decaauts)
 A = Elapsed time spent in this place.
 B = Non-inter-level travel time spent in this place.
 C = Inter-level travel time spent in this place.
 D = Time resting spent in this place.
 E = Time spent auto-exploring this place.
 F = Levels seen in this place.
 G = Mean time per level.
                   A        B        C        D        E       F      G
               +--------+--------+--------+--------+--------+-----+--------+
         Total |   7076 |   6835 |    241 |    770 |   4687 |  10 |  707.6 |
       Dungeon |   6936 |   6712 |    224 |    770 |   4577 |   9 |  770.7 |
        Temple |    139 |    122 |     17 |      0 |    110 |   1 |  139.0 |
               +--------+--------+--------+--------+--------+-----+--------+

Top non-repeatable levels by time:
     D:5: 1356 daAuts
     D:3: 1132 daAuts
     D:1: 1037 daAuts
     D:6: 998 daAuts
     D:4: 858 daAuts
     D:2: 848 daAuts
     D:7: 602 daAuts
  Temple: 139 daAuts
     D:8: 98 daAuts
     D:9: 3 daAuts
